 Dungeon Crawl Stone Soup version 0.29.0-4-gdea44cf6ec (webtiles) character file.

Game seed: 2230547229161669208

32 Norrock the Ruffian (level 3, 21/28 HPs)
             Began as a Draconian Transmuter on Aug 28, 2022.
             Was a Follower of Cheibriados.
             Got out of the dungeon alive.
             The game lasted 00:05:35 (1484 turns).

Norrock the Ruffian (Draconian Transmuter)          Turns: 1484, Time: 00:05:35

Health: 21/28      AC:  5    Str: 16    XL:     3   Next: 8%
Magic:  6/6        EV: 12    Int: 15    God:    Cheibriados [*.....]
Gold:   117        SH:  0    Dex: 13    Spells: 6/7 levels left

rFire   . . .      SeeInvis .     - Unarmed
rCold   . . .      Faith    .   (no shield)
rNeg    . . .      Spirit   .   (body armour unavailable)
rPois   .          Reflect  .   (helmet restricted)
rElec   .          Harm     .   (no cloak)
rCorr   .          Rampage  .   (no gloves)
Will    .....                   (no boots)
Stlth   +.........              (no amulet)
HPRegen 0.09/turn               (no ring)
MPRegen 0.10/turn               (no ring)

@: very slow
A: AC +5, unfitting armour, cold-blooded
a: Renounce Religion, Bend Time


You escaped.
You worshipped Cheibriados.
Cheibriados was aware of your devotion.
You visited 1 branch of the dungeon, and saw 2 of its levels.

You collected 117 gold pieces.

Inventory:

Scrolls
 e - a scroll of immolation {unknown}
 f - a scroll of identify {unknown}
 g - a scroll of teleportation {unknown}
 h - a scroll of noise {unknown}
 i - a scroll of enchant weapon {unknown}
Potions
 a - 3 potions of lignification
 b - 2 potions of curing {unknown}
 c - a potion of flight {unknown}
 d - a potion of heal wounds {unknown}


   Skills:
 - Level 1.1 Fighting
 - Level 1.7 Dodging
 + Level 3.4 Unarmed Combat
 + Level 2.5 Spellcasting
 + Level 2.6 Transmutations


You had 6 spell levels left.
You knew the following spells:

 Your Spells              Type           Power      Damage    Failure   Level
a - Beastly Appendage     Tmut           18%        N/A       7%          1

Your spell library contained the following spells:

 Spells                   Type           Power      Damage    Failure   Level
 Wereblood                Tmut           9%         N/A       11%         2
 Spider Form              Tmut/Pois      5%         N/A       36%         3
 Ice Form                 Ice/Tmut       5%         N/A       77%         4


Dungeon Overview and Level Annotations

Branches:
Dungeon (2/15)

Altars:
Cheibriados
Wu Jian


Innate Abilities, Weirdness & Mutations

Your plain brown scales are hard. (AC +5)
You cannot fit into any form of body armour.
You are cold-blooded and may be slowed by cold attacks.


Message History

Unknown command.
Unknown command.
Unknown command.
Unknown command.
Unknown command.
Unknown command.
Welcome back, Norrock the Draconian Transmuter.
Cheibriados says: Take it easy.
Press ? for a list of commands and other information.
You are a level 3 Draconian Transmuter.
You are 3% of the way to level 4.
Play time: 00:04:58 (1426 turns).
Zot will find you in 15865 turns if you stay in this branch and explore no new floors.
You aren't wearing any pieces of armour.
You feel sick.
You feel sick.
You feel sick.
You feel sick.
You feel sick.
You are no longer poisoned.
Found a stone staircase leading up.
A bat comes into view.
A ball python comes into view.
The ball python hisses angrily.
The bat barely misses you. The bat completely misses you.
You hit the bat.
You kill the bat!
Cheibriados thoroughly appreciates the change of pace.
The ball python bites you. The ball python closely misses you.
You hit the ball python.
You kill the ball python!
Cheibriados appreciates the change of pace.
There is a stone staircase leading up here.
You climb upwards.
There is a stone staircase leading down here.
There is a dry fountain here.
There is a fountain of clear blue water here.
You see here a stone.
There is a staircase leading out of the dungeon here.
Are you sure you want to leave the Dungeon?
This will make you lose the game!
You have escaped!

........# ####.########.# ##...
#######.#####.......#####.#
#.... #
#.........⌠.......#.####...
######..⌠...⌠..##..........
##.......#####.#####.#
##..⌠..## #.# #.# ##...## ###
#.# ####.(.#### #.#
#######....@....####### #.#
#.....................# #.#
#..⌠....⌠.....⌠....⌠..####.# #
####.....⌠....#....⌠.....#.##.#
#
#..##..⌠....#####....⌠..##.##.#
# #.####....### ###....###.##÷#
# #.# ##>### ###>####.#...
###.## ### ### #####........
.....# #.# #.# #..#####.#...


There were no monsters in sight!

Vanquished Creatures
  An adder (D:2)
  2 dart slugs (D:1)
  A ball python (D:2)
  2 endoplasms
  A giant cockroach (D:1)
  2 goblins
  A hobgoblin (D:2)
  A quokka (D:1)
  6 bats
  2 rats (D:1)
19 creatures vanquished.

Notes
Turn   | Place    | Note
-------+----------+-------------------------------------------
     0 | D:1      | Norrock the Draconian Transmuter began the quest for the
                  | Orb.
     0 | D:1      | Reached XP level 1. HP: 16/16 MP: 3/3
   582 | D:1      | Reached XP level 2. HP: 23/23 MP: 5/5
  1385 | D:2      | Found an ornate altar of the Wu Jian Council.
  1388 | D:2      | Found a faded altar of an unknown god.
  1416 | D:2      | Prayed at the altar of an unknown god.
  1416 | D:2      | Became a worshipper of Cheibriados the Contemplative
  1416 | D:2      | Reached * piety under Cheibriados
  1426 | D:2      | Reached XP level 3. HP: 22/28 MP: 6/6
  1484 | D:$      | Got out of the dungeon alive.

Illustrated notes

Levels and vault maps discovered:
D:1:      dpeg_arrival_leaves_temple_mockup, layout_loops_corners
D:2:      minmay_wonky_spiral, layout_rooms, basic_altar,
          ebering_ecumenical_altar_sacrificial, serial_shops,
          nicolae_shop_behind_doors

Action                   || total
-------------------------++-------
Melee: Unarmed           ||    67
       Tailslap          ||     8
       Headbutt          ||     2
       Kick              ||     1
 Cast: Beastly Appendage ||     4
 Stab: Sleeping          ||     1
Armor: Skin              ||    28
Dodge: Dodged            ||    43
